Cogmind - Beta 17.1 @@@ ROGUE MODE // 2026.09.02 @ 13:05:48 Player: Clog Result: Core melted Performance ------------- Evolutions (0) 0 Regions Visited (3) 600 Robots Destroyed (25) 125 Value Destroyed (619) 619 Prototype IDs (0) 0 Alien Tech Used (0) 0 Bonus (0) 0 TOTAL SCORE: 1344 Bonus ------- None Cogmind --------- Core Integrity 0/250 Matter 138/300 Energy 154/160 System Corruption 0% Temperature Critical (511) Movement Treading (160) Location -8/Recycling Parts ------- > --- POWER (1) -------- Light Nuclear Core > --- PROPULSION (2) --- Light Treads Spiked Treads > --- UTILITY (2) ------ Core Shielding Improved Light Armor Plating > --- WEAPON (2) ------- Subdweller Beam Cannon > --- INVENTORY (5) ---- Scrap Engine Improved Heat Sink Subdweller Shrapnel Launcher Mining Claw Peak State ------------ > --- POWER ------------ Light Nuclear Core > --- PROPULSION ------- Light Treads Spiked Treads > --- UTILITY ---------- Core Shielding Improved Light Armor Plating > --- WEAPON ----------- Medium Laser Subdweller Beam Cannon > --- INVENTORY -------- Scrap Engine Improved Heat Sink Subdweller Shrapnel Launcher Mining Claw [Rating: 15] Favorites ----------- Power Ion Engine Engine Ion Engine Power Core Light Nuclear Core Propulsion Light Treads Treads Light Treads Leg Aluminum Leg Utility Medium Storage Unit Device Seismic Detector Storage Medium Storage Unit Protection Core Shielding Weapon Medium Laser Energy Gun Medium Laser Energy Cannon Subdweller Beam Cannon Ballistic Gun Assault Rifle Launcher Subdweller Shrapnel Launcher Slashing Weapon Mining Claw Build | -11 -10 -10 -8 ------- Run | Yrd Mat Sub Rec Slots Evolved . | . . . . Power . | . . . . Propulsion . | . . . . Utility . | . . . . Weapon . | . . . . Parts Attached 24 | 7 5 8 4 Power 4 | 1 . 2 1 Engine 3 | 1 . 2 . Core 1 | . . . 1 Reactor . | . . . . Propulsion 9 | 2 4 2 1 Treads 5 | . 2 2 1 Leg 4 | 2 2 . . Wheel . | . . . . Hover . | . . . . Flight . | . . . . Utility 5 | 2 1 1 1 Device 1 | 1 . . . Storage 2 | 1 1 . . Processor . | . . . . Hackware . | . . . . Protection 2 | . . 1 1 Artifact . | . . . . Weapon 6 | 2 . 3 1 Energy Gun 2 | 1 . 1 . Energy Cannon 1 | . . . 1 Ballistic Gun 1 | 1 . . . Ballistic Cannon . | . . . . Launcher 1 | . . 1 . Special Weapon . | . . . . Impact Weapon . | . . . . Slashing Weapon 1 | . . 1 . Piercing Weapon . | . . . . Special Melee Weapon . | . . . . Unidentified Prototypes . | . . . . Parts Lost 8 | . 1 6 1 Power 1 | . . 1 . Propulsion 3 | . 1 2 . Utility 1 | . . 1 . Weapon 3 | . . 2 1 Highest Loss Streak 2 | . 1 2 1 To Critical Strikes . | . . . . Average Backups 8 | 2 7 9 6 Power 1 | . 1 1 . Propulsion 1 | 1 2 1 . Utility 1 | . 1 1 1 Weapon 3 | . 1 5 4 Tool/Special . | . . . . Unused Backups 7 | . 2 1 4 Power . | . . . . Propulsion . | . . . . Utility 3 | . 1 . 2 Weapon 4 | . 1 1 2 Tool/Special . | . . . . Average Slot Usage (%) 94 | . 99 95 85 Engine 10 | . 14 13 . Core 3 | . . . 14 Treads 18 | . 3 26 28 Leg 8 | . 24 . . Device 8 | . 14 7 . Storage 13 | . 14 14 12 Protection 5 | . . 4 14 Energy Gun 14 | . 14 15 13 Ballistic Gun 9 | . 13 12 . Peak Build Rating 15 | 7 8 9 15 Average Rating 8 | 4 7 7 10 On Entrance 5 | . 7 8 7 Avg Prop Armor Cover (%) . | . . . . Naked Turns . | . . . . Heaviest Build 28 | 15 20 20 28 Greatest Support 40 | 20 40 40 40 Greatest Overweight (x) 2 | 2 1 . . Average Overweight (x) . | . . . . Largest Inventory Capacity 10 | 8 10 10 10 Average Capacity 9 | 5 9 10 9 Most Carried 10 | 5 10 10 10 Average Carried 8 | 2 7 9 6 Final Capacity 10 | 8 10 10 5 Final Carried 10 | 3 10 8 5 Class Distribution -------------------- 100% | Mutant Dominant Class ---------------- Mutant | -10/Materials Mutant | -10/Subcaves Mutant | -8/Recycling Resources | -11 -10 -10 -8 ----------- Run | Yrd Mat Sub Rec Matter Collected 611 | 204 262 145 . Remotely . | . . . . Salvage Created 681 | 27 416 168 70 Parts 56 | 2 29 20 5 Haulers Intercepted 1 | . 1 . . Recyclers Shooed . | . . . . Parts Field Recycled . | . . . . Retrieved Matter . | . . . . Parts Self-Destructed 6 | . . 6 . Prevented . | . . . . Parts Restored . | . . . . Kills | -11 -10 -10 -8 ------- Run | Yrd Mat Sub Rec Combat Hostiles Destroyed 18 | . 9 8 1 Guns 14 | . 9 5 . Cannons 1 | . . . 1 AOE 3 | . . 3 . Classes Destroyed 9 | 1 4 3 1 Tunneler 2 | 1 1 . . Hauler 1 | . 1 . . Turret 2 | . . 2 . Watcher 2 | . 2 . . Swarmer 7 | . 3 4 . Grunt 6 | . 6 . . Sentry 1 | . . 1 . Subdweller 3 | . . 3 . Scrapper 1 | . . . 1 Best Kill Streak 6 | 1 3 6 1 Combat Bots Only 4 | . 3 4 1 Max Kills in Single Turn 2 | 1 1 2 1 Gunslinging . | . . . . Exploded 2 | . . 2 . Melee . | . . . . Uniques/NPCs Destroyed . | . . . . Combat | -11 -10 -10 -8 -------- Run | Yrd Mat Sub Rec Hostile Shots Fired 141 | . 48 74 19 Missed 42 | . 15 23 4 Hits 99 | . 33 51 15 Projectile 99 | . 33 51 15 Critical Strikes 1 | . . . 1 Damage Taken 1648 | . 402 906 340 Core 275 | . 36 173 66 Absorbed by Shields . | . . . . Redirected to Shielding 14 | . . 8 6 Regen/Repaired (Parts) 72 | . 72 . . Core Remaining (%) 100 | 100 . . . Volleys Fired 80 | 1 50 23 6 Largest 2 | 2 2 2 2 Hottest 130 | 70 70 100 130 Shots Fired 151 | 2 100 41 8 Gun 141 | 2 100 37 2 Cannon 6 | . . . 6 Launcher 4 | . . 4 . Special . | . . . . Kinetic 72 | 1 50 21 . Thermal 79 | 1 50 20 8 Explosive . | . . . . Electromagnetic . | . . . . Robot Hit Streak 18 | 1 8 16 18 Robot Miss Streak 6 | 1 6 2 2 Penetration Max . | . . . . Secondary Targets . | . . . . Shots Hit Robots 92 | 1 57 30 4 Core Hits 43 | 1 21 18 3 Critical Kills . | . . . . Critical Parts Destroyed . | . . . . Critical Strikes 2 | . 2 . . Burn 2 | . 2 . . Melee Attacks 1 | . . 1 . Impact . | . . . . Slashing 1 | . . 1 . Piercing . | . . . . Sneak Attacks . | . . . . Combat Hostiles . | . . . . Follow-up Attacks . | . . . . Damage Inflicted 1687 | 10 754 831 92 Guns 1155 | 10 753 380 12 Cannons 80 | . . . 80 Explosions 451 | . . 451 . Melee . | . . . . Ramming 1 | . 1 . . Kinetic 1017 | 10 367 640 . Thermal 669 | . 386 191 92 Explosive . | . . . . Electromagnetic . | . . . . Impact . | . . . . Slashing . | . . . . Piercing . | . . . . Highest Corruption . | . . . . Average Corruption . | . . . . Corruption Purged . | . . . . Corruption Blocked . | . . . . Overload Shots . | . . . . Overflow Damage 68 | . . 68 . Projectiles . | . . . . Explosions 68 | . . 68 . Melee . | . . . . Knockbacks . | . . . . Impact . | . . . . Kinetic . | . . . . Secondary . | . . . . Self-Inflicted Damage 37 | . . 37 . Shots 1 | . . 1 . Rammed . | . . . . Targets Rammed 1 | . 1 . . Kicked 1 | . 1 . . Crushed . | . . . . Highest Temperature 511 | 9 189 . 511 Average Temperature 55 | 6 39 . 275 Received Heat Transfer 463 | . 156 102 205 Effects 2 | . . . 2 Matter Decay 1 | . . . 1 Damage (core) 1 | . . . 1 Siege Activations . | . . . . Martial Activations . | . . . . Shielding Activations . | . . . . Robots Disrupted . | . . . . Combat Hostiles . | . . . . Robots Corrupted . | . . . . Combat Hostiles . | . . . . Parts Fried . | . . . . Impact Corruptions . | . . . . Robots Melted . | . . . . Combat Hostiles . | . . . . Parts Melted 3 | . 2 1 . Heat Transferred 1950 | . 1295 555 100 Parts Sabotaged . | . . . . Parts Stolen . | . . . . Parts Stripped . | . . . . Power Chain Reactions . | . . . . Alert | -11 -10 -10 -8 ------- Run | Yrd Mat Sub Rec Maximum Alert Level . | . . . . Low Security (%) 100 | 100 100 . 100 Level 1 . | . . . . Level 2 . | . . . . Level 3 . | . . . . Level 4 . | . . . . Level 5 . | . . . . High Security . | . . . . Max Security . | . . . . Peak Influence 84 | 5 84 . 15 Initial . | . . . . Average 13 | . 23 . . Influence Increases 526 | 5 306 200 15 Destroy 0b10 Robot/C 320 | . 180 140 . Destroy 0b10 Robot/NC 25 | 5 20 . . Destroy Leader 46 | . 46 . . Successful Hack 14 | . 14 . . Disable Machine 15 | . . . 15 Destroy Structure 1 | . 1 . . Partial Spotted 15 | . 15 . . Lose Combat Pursuer 90 | . 30 60 . Influence Decreases 526 | 5 257 249 15 Entered New Map 25 | . . 25 . Time Decay 441 | 5 247 184 5 Lost Part 60 | . 10 40 10 Squads Dispatched 3 | . 3 . . Investigation 1 | . 1 . . Extermination . | . . . . Reinforcement 2 | . 2 . . Assault . | . . . . Garrison . | . . . . Intercept . | . . . . Searches Triggered . | . . . . Construction Impeded . | . . . . Haulers Reinforced . | . . . . Active Scanning Responses . | . . . . Cargo Convoy Interrupts . | . . . . Stealth | -11 -10 -10 -8 --------- Run | Yrd Mat Sub Rec Distress Signals 3 | . 3 . . Communications Jammed . | . . . . Distress Signals . | . . . . Times Spotted 40 | . 21 16 3 Peak Tracking Total 6 | . 4 6 4 Tactical Retreats 2 | . 1 1 . Traps | -11 -10 -10 -8 ------- Run | Yrd Mat Sub Rec Traps Triggered 3 | . 2 1 . Indirectly . | . . . . Trap Hack Attempts . | . . . . Triggered . | . . . . Disarmed . | . . . . Reprogrammed . | . . . . Reused . | . . . . Traps Extracted . | . . . . Installed . | . . . . Triggered . | . . . . Machines | -11 -10 -10 -8 ---------- Run | Yrd Mat Sub Rec Machines Disabled 4 | . . 3 1 Max in Single Turn 3 | . . 3 1 Machines Repaired . | . . . . Machines Dismantled . | . . . . Machines Sabotaged . | . . . . Overloaded Fab Kills . | . . . . Hacking | -11 -10 -10 -8 --------- Run | Yrd Mat Sub Rec Machines Accessed 9 | . 5 . 4 Terminals 5 | . 4 . 1 Fabricators . | . . . . Repair Stations 1 | . 1 . . Recycling Units 1 | . . . 1 Scanalyzers . | . . . . Garrison Access . | . . . . Total Hacks 42 | . 13 . 29 Successful 33 | . 6 . 27 Failed 9 | . 7 . 2 Catastrophic . | . . . . Database Lockouts . | . . . . Manual 15 | . 12 . 3 Terminals 12 | . 11 . 1 Fabricators . | . . . . Repair Stations 2 | . 2 . . Recycling Units 2 | . . . 2 Scanalyzers . | . . . . Garrison Access . | . . . . Terminal Hacks 28 | . 1 . 27 Record 24 | . . . 24 Recall Investigation 1 | . 1 . . Zone Layout 1 | . . . 1 Release Object 2 | . . . 2 Fabricator Hacks . | . . . . Repair Station Hacks 2 | . 2 . . Scan Component 1 | . 1 . . Repair 1 | . 1 . . Recycling Unit Hacks . | . . . . Scanalyzer . | . . . . Garrison Access Hacks . | . . . . Unauthorized Hacks 3 | . 3 . . Terminals 3 | . 3 . . Assimilate 1 | . 1 . . Skim 2 | . 2 . . Fabricators . | . . . . Repair Stations . | . . . . Recycling Units . | . . . . Scanalyzers . | . . . . Garrison Access . | . . . . Data Cores Recovered . | . . . . Used . | . . . . Hacking Detections 5 | . 4 . 1 Full Trace Events . | . . . . Feedback Events . | . . . . Feedback Blocked . | . . . . Robot Schematics Acquired . | . . . . Robots Built . | . . . . Authchips . | . . . . Time . | . . . . Total Robot Build Rating . | . . . . Part Schematics Acquired . | . . . . Parts Built . | . . . . Authchips . | . . . . Time . | . . . . Total Part Build Rating . | . . . . Part Studies Acquired . | . . . . Parts Repaired 1 | . 1 . . Time 26 | . 26 . . Parts Recycled . | . . . . Recycled Matter . | . . . . Retrieved Matter . | . . . . Retrieved Components . | . . . . Parts Scanalyzed . | . . . . Part Schematics Acquired . | . . . . Parts Damaged . | . . . . Bothacking | -11 -10 -10 -8 ------------ Run | Yrd Mat Sub Rec Used RIF Installer . | . . . . Robots Hacked . | . . . . Non-combat . | . . . . Combat . | . . . . Robot Hacks Applied . | . . . . Relay Couplers Released . | . . . . Fabnet Peak Effective % . | . . . . Robots Rewired . | . . . . Allies Hacked . | . . . . Hacks Repelled . | . . . . Allies | -11 -10 -10 -8 -------- Run | Yrd Mat Sub Rec Total Allies . | . . . . Largest Group . | . . . . Highest-Rated Group . | . . . . Highest-Rated Ally . | . . . . Total Orders . | . . . . Ally Attacks . | . . . . Total Damage . | . . . . Kills . | . . . . Allies Corrupted . | . . . . Allies Melted . | . . . . Intel | -11 -10 -10 -8 ------- Run | Yrd Mat Sub Rec Active Infowar (turns) 1397 | 2 877 518 . Seismic 1397 | 2 877 518 . Robot Analysis Total . | . . . . Derelict Logs Recovered 1 | . . 1 . Drone Launches . | . . . . Drone Recoveries . | . . . . Exploration | -11 -10 -10 -8 ------------- Run | Yrd Mat Sub Rec Turns Passed 2460 | 64 877 954 565 Spaces Moved 1437 | 38 521 540 338 Core 9 | 9 . . . Treads 944 | . 66 540 338 Legs 484 | 29 455 . . Wheels . | . . . . Hover . | . . . . Flight . | . . . . Fastest Speed 50 | 50 120 160 160 Average Speed 146 | 108 125 160 160 Slowest Speed 190 | 150 190 160 160 Overloaded Moves . | . . . . Propulsion Burnouts . | . . . . Robots Hopped . | . . . . Potential Cave-ins . | . . . . Cave-ins Triggered . | . . . . Exploration Rate (%) 41 | 2 85 24 55 Regions Visited 3 Branch Regions 2 Pre-discovered Areas 2 | . . 2 . Known Exits Taken . | . . . . Unknown Exits Taken 3 | 1 1 1 . Scrap Searched . | . . . . Spaces Dug . | . . . . Terrain Destroyed 43 | . . 43 . Melee . | . . . . Projectile . | . . . . AOE 43 | . . 43 . Terrain Rammed . | . . . . Walls Destroyed . | . . . . Machines Disabled . | . . . . Actions | -11 -10 -10 -8 --------- Run | Yrd Mat Sub Rec Total 1647 | 58 646 585 358 Wait 55 | 3 49 3 . Move 1434 | 37 520 539 338 Hop . | . . . . Pick Up 31 | 10 14 4 3 Fast Attach . | . . . . Attach 17 | 7 2 4 4 Detach 1 | . . . 1 Swap 13 | . 4 8 1 Drop 14 | . 6 3 5 Fire 80 | 1 50 23 6 Melee 1 | . . 1 . Ram . | . . . . Kick 1 | . 1 . . Crush . | . . . . Escape Stasis . | . . . . Rewire . | . . . . Trap . | . . . . Miscellaneous . | . . . . Route ------- -11/Scrapyard -10/Materials (discovered 4 exits: [*Mat x3] / [*Sub]) -10/Subcaves -8/Recycling History --------- Turn | Location | Event 2 | -11/Scrapyard | Met Revision 17 16 | -11/Scrapyard | Discovered new exit (range 15) 65 | -11/Scrapyard | Entered Materials 309 | -10/Materials | Build established: Mutant 401 | -10/Materials | Discovered new exit (range 3) 540 | -10/Materials | Discovered new exit (range 13) 600 | -10/Materials | Repaired Assault Rifle 833 | -10/Materials | Discovered new exit (range 10) 918 | -10/Materials | Discovered new exit (range 16) 942 | -10/Materials | Entered Subcaves 958 | -10/Subcaves | Learned location of Zion (-7) 958 | -10/Subcaves | Met a Zionite searching for "candidates" 1057 | -10/Subcaves | Shifting Twisted Machinery released Sub. Monowheel 1059 | -10/Subcaves | Shifting Twisted Machinery released Sub. Shrapnel Launcher 1062 | -10/Subcaves | Shifting Twisted Machinery released Battle Cannon 1063 | -10/Subcaves | Shifting Twisted Machinery released Sub. Power Source 1164 | -10/Subcaves | A swath of the cavern ceiling suddenly collapsed 1424 | -10/Subcaves | Core integrity fell below 50% 1471 | -10/Subcaves | Discovered new exit (range 15) 1869 | -10/Subcaves | Core integrity fell below 20% 1896 | -10/Subcaves | Entered Recycling 2385 | -8/Recycling | Scanned before Scraplab entrance 2443 | -8/Recycling | Angered Scraplab inhabitants 2446 | -8/Recycling | Found Prototype Device 2462 | -8/Recycling | Core melted Last Messages --------------- testing unless prepared to protect it from degradation. 02441_ Dropped Lgt. Treads. 02443_ Connecting with Scraplab SEP... >>Release Inventory Accessing inventory controls... Prototype released... URGENT: Link to external system right away! 02445_ 56-QIX(j): "Defend the Scraplab!" 02446_ Acquired Prototype Device. 02447_ Scraplab SEP disabled. 02448_ Machine disabled. 02449_ HM-MW8(j) destroyed. Prototype Device integrity failing. 02451_ Critical hit (Burn: +50). 02452_ Supplies damaged. 02454_ Med. Laser destroyed. Prototype Device integrity failing. 02461_ Overheating: Matter decay (-32). 02462_ Overheating: Core damaged (-35). Map ----- +----------------------------------------------------+ | """ #????????????????? | | """ #????????????????? | | ## """ #????????????????? | | ?# #????????????????? | | ?# #????????????????? | | ?########## #????????????????? | | ??????????# #????????????????? | | ??????##### #????????????????? | | ??????# # ###??????????????? | | ??????# # #??????????????? | | ??????# # !!#??????????????? | | ??????# # !!#??????????????? | | ??????# # ########?????????? | | ??????# # #?# #?????????? | | ??????# # #?# #??###????? | | ??????# # ### ![!#### ##???? | | ??????# # + [ # #???? | | ?????## ##### ##### #???? | | ?????# #??# #???# #???? | | ?????# #??# #???# #???? | | ?????# #??######???#j#???? | | ?????# #???????#####/####? | | ?????# #???????#""=%! "#? | | ########/#####?????#"&=!! "#? | | # #?????#" #? | | # #?????#"" @ "#? | | # #?????#"& c "#? | | # #?????#" ""#? | | # #?????#"X j c "#? | | # #?????#" ###? | | # #?????# "" #??? | | # #?????# "" ?? | | # #?????##########? | | # #???????????????? | | # #???????????????? | | + #??????????????? | | ####+##########??????????????? | | #### #???????????????????????? | | #???????????????????????? | | ################?????????????? | | #?????????????? | | #?????????????? | | ##????????????? | | #????????????? | | #?????????????? | | ##############???????????????? | | ?????????????????????????????? | | ?????#########???????????????? | | ?????# #???????????????? | | ?????# #???????????????? | +----------------------------------------------------+ Best States ------------- Heat Dissipation 25 Energy Generation 15 Energy Capacity 250 Matter Stores 300 Matter Capacity 300 Sight Range 16 Terrain Scan Density 10 Armor Coverage 150 Core Shielding 20 Evasion (%) 55 Recoil Reduction 2 Item Schematics ----------------- None Robot Schematics ------------------ None Fabricated ------------ Nothing Repaired ---------- Assault Rifle | 28% | -10/Materials Studied --------- None Alien Tech Used ----------------- None Achievements -------------- You May Approach The Wall Challenges ------------ None Game ------ Seed SpacefoldBlanketRipper Manual? 0 Play Time 00:22:30 Cumulative 41.0 hours Start 2026.09.02 @ 12:42:31 End 2026.09.02 @ 13:05:48 Sessions 1 Manual Loads 0 Difficulty Rogue Special Mode None Game No. 45 Rogue 42 Adventurer 3 Explorer 0 Win Type - Total 1 Types 1/0/0/0/0/0/0/0/0/0 Lore% 37 Gallery% 34 Achievement% 33 Wizard Run 0 Options --------- Layout 1 ASCII 0 Keyboard 0 Movement Mouse Keybinds 0 Fullscreen 1 Font 32/SmallcapsGlow Map View 50x35 Zoom Use 0% Tactical HUD 1 Map Filters NONE Filters NONE Steam 1 RUN: abc61c24-bcba-4ba9-b62f-3ecb3900ed0d